 Dungeon Crawl Stone Soup version 0.29-a0-337-g68df138881 (webtiles) character file.

Game seed: 10115496991809737932

244591 Essalna the Slayer (level 20, -1/183 HPs)
             Began as a Djinni Conjurer on Apr 16, 2022.
             Was the Champion of Makhleb.
             Killed from afar by a starcursed mass (11 damage)
             ... with an accursed screaming
             ... on level 2 of the Abyss.
             The game lasted 02:25:38 (44281 turns).

Essalna the Slayer (Djinni Conjurer)               Turns: 44281, Time: 02:25:39

Health: -1/183     AC: 20    Str:  7 (8)  XL:     20   Next: 71%
Gold:   2089       EV: 20    Int: 28      God:    Makhleb [******] SH:  8 Dex: 11

rFire   + + +      SeeInvis .   K - staff of fire
rCold   . . .      Faith    .   h - +2 buckler {reflect}
rNeg    . . .      Spirit   .   A - +2 robe of Daisies {Will++ rCorr}
rPois   ∞          Reflect  +   o - +1 helmet
rElec   .          Harm     .   a - +2 cloak of Igom Lugh {rF+ rC+ Slay-2}
rCorr   +          Rampage  .   n - +1 pair of gloves
Will    ++++.      Rnd*Tele +   (boots unavailable)
Stlth   ++........              V - amulet of regeneration
HPRegen 1.20/turn               c - ring of the Tortoise {AC+8}
MPRegen 0.00/turn               t - +4 ring of evasion

@: flying
A: sickness immunity, fire resistance 3, cold vulnerability 1, float, innate
caster, HP casting, extra vitality 1, clumsy 1, deterioration 1, robust 1,
strong 1, teleportitis 1, subdued magic 1
}: 1/15 runes: decaying
a: Renounce Religion, Minor Destruction, Lesser Servant of Makhleb, Major
Destruction, Greater Servant of Makhleb


You were on level 2 of the Abyss.
You worshipped Makhleb.
Makhleb was exalted by your worship.
You visited 7 branches of the dungeon, and saw 32 of its levels.
You visited the Abyss 2 times.
You also visited: Gauntlet and Volcano.

You collected 4247 gold pieces.
You spent 2158 gold pieces at shops.

Inventory:

Armour
 a - the +2 cloak of Igom Lugh (worn) {rF+ rC+ Slay-2}
   (You found it in a Gauntlet)

   Slay:      It affects your accuracy & damage with ranged weapons and melee
   (-2).
   rF:        It protects you from fire.
   rC:        It protects you from cold.
 h - a +2 buckler of reflection (worn)
 n - a +1 pair of gloves (worn)
 o - a +1 helmet (worn)
 A - the +2 robe of Daisies (worn) {Will++ rCorr}
   (You found it on level 14 of the Dungeon)

   rCorr:     It protects you from acid and corrosion.
   Will:      It greatly increases your willpower.
Magical Staves
 g - a staff of earth
 K - a staff of fire (weapon)
 R - a staff of air
 Y - a staff of death
 Z - a staff of cold
Jewellery
 c - the ring of the Tortoise (left hand) {AC+8}
   (You bought it in a shop on level 11 of the Dungeon)

   [ring of protection]

   AC:        It affects your AC (+8).
 i - a ring of willpower
 k - a ring of see invisible
 t - a +4 ring of evasion (right hand)
 B - the ring "Onoaczil" {Will+ rCorr}
   (You took it off a vault guard on level 1 of the Vaults)

   [ring of willpower]

   rCorr:     It protects you from acid and corrosion.
   Will:      It increases your willpower.
 L - a +4 ring of protection
 U - the amulet "Guczikeole" {Reflect Dex+3 SH+5}
   (You acquired it on level 4 of the Lair of Beasts)

   [amulet of reflection]

   It reflects blocked missile attacks.
   Dex:       It affects your dexterity (+3).
   SH:        It affects your SH (+5).
 V - an amulet of regeneration (around neck)
Wands
 v - a wand of paralysis (5)
 E - a wand of acid (17)
 P - a wand of iceblast (23)
Scrolls
 f - 10 scrolls of identify
 j - 4 scrolls of magic mapping
 p - 16 scrolls of teleportation
 q - 9 scrolls of immolation
 s - 4 scrolls of enchant armour
 u - 3 scrolls of blinking
 w - a scroll of fog
 y - 3 scrolls of enchant weapon
 z - 3 scrolls of holy word
 C - 11 scrolls of fear
 D - 2 scrolls of brand weapon
 I - a scroll of summoning
 X - a scroll of silence
Potions
 b - 4 potions of resistance
 e - a potion of curing
 l - 3 potions of degeneration
 m - 2 potions of berserk rage
 r - 4 potions of ambrosia
 x - 7 potions of might
 G - a potion of invisibility
 H - 2 potions of haste
 J - 2 potions of cancellation
 M - 3 potions of brilliance
 O - 3 potions of lignification


   Skills:
 + Level 21.9 Fighting
 - Level 7.0 Armour
 + Level 13.0 Dodging
 - Level 1.5 Stealth
 + Level 10.2 Shields
 + Level 17.7 Spellcasting


You had 2 spell levels left.
You knew the following spells:

 Your Spells              Type           Power      Damage    Failure   Level
a - Magic Dart            Conj           100%       1d8       0%          1
b - Searing Ray           Conj           100%       2d8       0%          2
c - Dazzling Flash        Conj/Hex       100%       N/A       0%          3
d - Fulminant Prism       Conj/Hex       38%        3d18      0%          4
e - Iskenderun's Mystic   Conj/Tloc      77%        2d15      0%          4
f - Foxfire               Conj/Fire      100%       2x1d9     0%          1
g - Call Imp              Summ           77%        N/A       0%          2
h - Poisonous Vapours     Pois/Air       100%       N/A       0%          2
i - Hailstorm             Conj/Ice       77%        3d16      0%          4
j - Flame Wave            Conj/Fire      97%        2d16      0%          4
k - Yara's Violent Unrav  Hex/Tmut       38%        3d15      1%          5
l - Simulacrum            Ice/Necr       38%        N/A       1%          6
m - Orb of Destruction    Conj           38%        9d11      1%          7
n - Spellforged Servitor  Conj/Summ      38%        N/A       1%          7
Your spell library was empty.

Dungeon Overview and Level Annotations

Branches:
Dungeon (15/15)            Temple (1/1) D:5            Lair (6/6) D:8
  Swamp (4/4) Lair:3       Spider (0/4) Lair:4        Slime (0/5) Lair:6
    Orc (2/2) D:9             Elf (2/3) Orc:2        Vaults (2/5) D:14
 Depths (0/4) D:15        Volcano (visited)         Gauntlet (visited)
  Crypt: Vaults:2-3

Altars:
Ashenzari
Cheibriados
Dithmenos
Elyvilon
Fedhas
Gozag
Hepliaklqana
Kikubaaqudgha
Makhleb
Nemelex Xobeh
Okawaru
Qazlal
Ru
Sif Muna
Trog
Uskayaw
Vehumet
Wu Jian
Xom
Yredelemnul
Zin
The Shining One

Shops:
D:2 [[:(*   D:5 (   D:8 (   D:11 =*[:!   D:12 :*(   Orc:2 *?:!   Elf:1 *
Elf:2 *   Vaults:1 (

Portals:
Trove: D:11 (give 2 scrolls of acquirement)

Annotations:
Elf:1 3 runed translucent doors, Duil's ghost, adept DsCj
Elf:2 3 runed translucent doors
Vaults:2 2 transporters, exclusion: orange crystal statue


Innate Abilities, Weirdness & Mutations

You are immune to sickness and miasma.
You are immune to poison.
Your flesh is almost immune to the effects of heat. (rF+++)
You are vulnerable to cold. (rC-)
You float through the air rather than walking.
You learn spells naturally, not from books.
Your magical power is your life essence.
You have superior vitality. (+4 MHP)
You are clumsy. (Dex -2)
Your body sometimes deteriorates upon taking damage.
You are robust. (+10% HP)
Your muscles are strong. (Str +2)
You are occasionally teleported next to monsters.
Your spells are a little easier to cast, but a little less powerful.


Message History

The large abomination completely misses you.
The small abomination attacks as you move away!
The small abomination hits you but does no damage.
The small abomination barely misses you.
A deafening chorus of shrieks assaults your mind!
* * * LOW HITPOINT WARNING * * *
The small abomination attacks as you move away!
The small abomination misses you.
A starcursed mass splits.
The small abomination attacks as you move away!
You block the small abomination's attack.
The small abomination closely misses you.
A starcursed mass splits.
A starcursed mass splits.
A cacophony of accursed wailing tears at your sanity!
* * * LOW HITPOINT WARNING * * *
You block the small abomination's attack.
The small abomination attacks as you move away!
You block the small abomination's attack.
A small abomination comes into view.
A rakshasa comes into view. It is wielding a +0 trident.
The small abomination hits you but does no damage.
A starcursed mass splits.
A cacophony of accursed wailing tears at your sanity!
* * * LOW HITPOINT WARNING * * *
You suddenly lose the ability to move!
The small abomination hits you!
* * * LOW HITPOINT WARNING * * *
You can move again.
You block the small abomination's attack. x2
The starcursed mass completely misses you.
You block the starcursed mass's attack.
A cacophony of accursed wailing tears at your sanity!
* * * LOW HITPOINT WARNING * * *
The starcursed mass attacks as you move away!
You block the starcursed mass's attack.
There is an open door here.
The starcursed mass attacks as you move away!
The starcursed mass misses you.
A starcursed mass splits.
A cacophony of accursed wailing tears at your sanity!
You die...

.. ..... ......... .#
.........# .# ..... .##
##'###### . ........
'....... ........ ..
#.....# ..
..##########....###.
......#..XX.RxX#........
.... ..XX...#XXx@.#
.....X'. #XXXX.#.##
....XX#..X.##..#..#
.....#..# ..X.#....
......#..#..#..#....#
..... #..#.....#.....#
.....#.....#..#.......
.... .#..#..#..########
...... .... #..#


You could see 10 starcursed masses, a rakshasa and 2 small abominations.

Vanquished Creatures
  Bai Suzhen (Swamp:3)
  Nikola (Swamp:3)
  Jory (Vaults:2)
  2 tentacled monstrosities
  Mlioglotl (Swamp:3)
  Jorgrun (Swamp:3)
  Zenata (Elf:2)
  A lich (Vaults:1)
  A sphinx (Vaults:2)
  Gastronok (Lair:3)
  3 tengu reavers
  Kirke (Swamp:1)
  The ghost of Olga the Tainted, an adept HOFi of Yredelemnul (Swamp:1)
  A fenstrider witch (Swamp:3)
  5 vault wardens
  The ghost of ouz the Wallflower, an adept VSGl of Uskayaw (Swamp:3)
  A juggernaut zombie (D:15)
  6 ironbound preservers (Vaults:1)
  Louise (Swamp:2)
  The ghost of Olga the Unseen, an adept SpBe of Trog (Swamp:2)
  2 very ugly things (Vaults:2)
  A war gargoyle (Vaults:2)
  2 stone giants
  2 ironbound thunderhulks (Vaults:2)
  5 eleionomae
  12 dire elephants
  An eleionoma (shapeshifter) (Vaults:1)
  3 entropy weavers
  A minotaur (Gauntlet)
  A bunyip (Swamp:3)
  A deep elf annihilator (Elf:1)
  A crystal guardian (Vaults:2)
  Snorg (D:14)
  A deep elf death mage (Elf:2)
  A deep elf high priest (Elf:1)
  4 boulder beetles
  A shambling mangrove (Swamp:3)
  Josephine (Orc:1)
  A great orb of eyes (Vaults:1)
  4 spectral fenstrider witches (Swamp:2)
  4 ice dragons (Swamp:4)
  12 vault guards
  An ice dragon (shapeshifter) (Gauntlet)
  A quicksilver dragon skeleton (D:15)
  8 hydras
  7 centaur warriors
  2 ghost crabs
  13 alligators
  An ogre mage (D:14)
  An ironbound frostheart (Vaults:1)
  17 dancing weapons
  3 two-headed ogres
  10 death yaks
  A death knight (Abyss:3)
  6 deep elf knights (Elf:2)
  A vampire mage (D:15)
  A thrashing horror (Abyss:3)
  A storm dragon zombie (D:15)
  15 deep trolls
  A spectral death yak (Lair:6)
  A wretched star (Abyss:3)
  5 goliath frogs
  3 spectral spriggans (Swamp:2)
  A bog body (Swamp:1)
  5 spriggan druids
  2 obsidian statues
  14 skeletal warriors
  3 wizards
  A spectral anaconda (Lair:6)
  9 deep elf archers (Elf:2)
  3 lindwurms (Vaults:2)
  5 swamp dragons
  5 necromancers
  9 ironbound convokers
  A fenstrider witch simulacrum (Swamp:2)
  5 orc knights
  21 deep elf pyromancers
  19 deep elf zephyrmancers
  10 ugly things
  3 orc sorcerers
  3 worldbinders (Abyss:3)
  4 cyclopes
  A large abomination (Abyss:4)
  2 will-o-the-wisps
  19 elephants
  2 manticores (D:14)
  9 black mambas
  5 vault sentinels
  4 molten gargoyles (Elf:1)
  17 cane toads
  3 gargoyles
  A dire elephant zombie (Lair:6)
  A rime drake (shapeshifter) (Elf:2)
  10 yaktaurs
  A kobold demonologist (D:14)
  12 komodo dragons
  An efreet (Volcano)
  4 rime drakes
  3 bloated husks
  An ancient zyme (Abyss:4)
  4 freezing wraiths (Swamp:4)
  8 trolls
  11 tyrant leeches
  12 hornets
  2 polar bears
  A hornet (shapeshifter) (Abyss:3)
  A tarantella (shapeshifter) (D:14)
  10 blink frogs
  Prince Ribbit (D:5)
  7 raiju
  17 slime creatures
  An ettin zombie (D:15)
  A centaur simulacrum (D:15)
  3 ynoxinuls
  An air elemental (Elf:2)
  A dire elephant simulacrum (Lair:6)
  12 spriggans
  6 wraiths
  8 wyverns
  42 yaks
  2 water elementals
  2 shadows
  A basilisk (shapeshifter) (Elf:2)
  6 hogs (Swamp:1)
  7 fire elementals
  2 basilisks
  7 fire bats (Volcano)
  2 steam dragons (Gauntlet)
  3 redbacks (Vaults:2)
  2 wargs
  4 swamp worm simulacra (Swamp:4)
  Menkaure (D:7)
  11 vampire mosquitoes
  11 swamp worms
  2 death drake simulacra (Swamp:2)
  2 acid dragons (D:11)
  14 hydra simulacra (Swamp:4)
  14 water moccasins
  An ice beast (D:8)
  A sky beast (D:6)
  43 orc warriors
  2 swamp drakes
  A spriggan simulacrum (Swamp:2)
  2 black bears (shapeshifter)
  3 black bears
  16 wolves
  10 ogres
  A phantom (D:5)
  21 centaurs
  3 kobold brigands
  An elephant skeleton (Lair:6)
  12 bullfrogs
  2 small abominations (Abyss:3)
  4 scorpions
  3 necrophages
  6 earth elementals
  9 wights (D:8)
  3 elephant simulacra (Lair:6)
  9 killer bees
  8 electric eels
  6 howler monkeys
  A crimson imp (D:8)
  A starcursed mass (Abyss:3)
  5 lava snakes (Volcano)
  3 jellies
  16 orc priests
  2 hounds
  3 iguanas
  32 orc wizards
  Robin (D:2)
  2 gnolls (D:1)
  9 adders
  A shadow imp (D:6)
  2 white imps
  An ufetubus (Abyss:3)
  4 swamp drake simulacra (Swamp:4)
  3 dart slugs
  97 orcs
  14 endoplasms
  2 giant cockroaches
  13 goblins
  8 hobgoblins
  12 jackals
  4 quokkas
  6 ball pythons
  3 bats (D:1)
  3 frilled lizards
  14 kobolds
  8 rats
  A butterfly (Lair:1)
1092 creatures vanquished.

Vanquished Creatures (collateral kills)
  Frederick (Vaults:2)
  A vault warden (Vaults:2)
  An ironbound preserver (Vaults:2)
  A stone giant (Vaults:2)
  An ironbound thunderhulk (Vaults:2)
  2 dire elephants (Vaults:2)
  A deep elf high priest (Vaults:1)
  3 vault guards
  A boulder beetle (D:11)
  A centaur warrior (Vaults:2)
  A deep elf knight (Elf:2)
  A lindwurm (Vaults:2)
  3 deep elf pyromancers (Elf:1)
  3 ironbound convokers (Vaults:2)
  2 vault sentinels (Vaults:2)
  2 yaktaurs (Vaults:2)
  2 slime creatures (Vaults:2)
  A redback (Vaults:2)
28 creatures vanquished.

Vanquished Creatures (others)
  A peacekeeper (Vaults:2)
  A spriggan druid (Swamp:2)
  A will-o-the-wisp (Swamp:2)
  A manticore (D:15)
  A killer bee (D:11)
  26 foxfires
  13 fulminant prisms
  26 fungi
  54 plants
  6 starspawn tentacles
  23 withered plants
153 creatures vanquished.

Grand Total: 1273 creatures vanquished

Notes
Turn   | Place    | Note
-------+----------+-------------------------------------------
     0 | D:1      | Essalna the Djinni Conjurer began the quest for the Orb.
     0 | D:1      | Reached XP level 1. HP: 15/15 MP: 0/0
   238 | D:1      | Reached skill level 1 in Fighting
   238 | D:1      | Reached XP level 2. HP: 16/22 MP: 0/0
   688 | D:1      | Reached XP level 3. HP: 13/27 MP: 0/0
   688 | D:1      | Learned a level 1 spell: Foxfire
  1147 | D:1      | Reached skill level 2 in Fighting
  1676 | D:1      | Reached XP level 4. HP: 31/34 MP: 0/0
  1993 | D:2      | You are sucked into a shaft and drop 2 floors!
  2227 | D:3      | Reached XP level 5. HP: 7/40 MP: 0/0
  2227 | D:3      | Learned a level 2 spell: Call Imp
  2664 | D:2      | Found Faudop's Weapon Shoppe.
  2671 | D:2      | Found a basalt altar of Yredelemnul.
  2701 | D:2      | Reached skill level 3 in Fighting
  2718 | D:2      | Found Duom's Book Shoppe.
  2908 | D:2      | Found Vaucas's Assorted Antiques.
  2959 | D:2      | Found Roifotok's Antique Armour Shop.
  2980 | D:2      | Found Loupol's Armour Boutique.
  3011 | D:2      | Noticed Robin
  3019 | D:2      | Killed Robin
  3214 | D:2      | Found a faded altar of an unknown god.
  3699 | D:3      | Found a basalt altar of Yredelemnul.
  3810 | D:3      | Reached XP level 6. HP: 9/47 MP: 0/0
  4796 | D:4      | Reached skill level 4 in Fighting
  5265 | D:5      | Entered Level 5 of the Dungeon
  5361 | D:5      | Found Ury Mal's Weapon Shoppe.
  5377 | D:5      | Noticed a black bear
  5384 | D:5      | Killed a black bear
  5385 | D:5      | Reached skill level 5 in Spellcasting
  5385 | D:5      | Reached XP level 7. HP: 43/53 MP: 0/0
  5385 | D:5      | Learned a level 2 spell: Poisonous Vapours
  5490 | D:5      | Reached skill level 5 in Fighting
  5858 | D:5      | Found a staircase to the Ecumenical Temple.
  5867 | Temple   | Entered the Ecumenical Temple
  6013 | D:5      | Reached XP level 8. HP: 56/61 MP: 0/0
  6019 | D:5      | Reached skill level 6 in Fighting
  6637 | D:5      | Noticed Prince Ribbit
  6645 | D:5      | Killed Prince Ribbit
  6646 | D:5      | Reached skill level 7 in Fighting
  6825 | D:6      | Found a blossoming altar of Fedhas.
  6886 | D:6      | Found an iron altar of Okawaru.
  6909 | D:6      | Reached XP level 9. HP: 49/68 MP: 0/0
  6909 | D:6      | Learned a level 4 spell: Hailstorm
  7504 | D:6      | Reached skill level 8 in Fighting
  7708 | D:2      | Bought a +0 troll leather armour for 150 gold pieces
  8075 | D:6      | Found a sparkling altar of Nemelex Xobeh.
  8494 | D:7      | Noticed Menkaure
  8498 | D:7      | Killed Menkaure
  8639 | D:7      | Found an opulent altar of Gozag.
  8805 | D:8      | Reached skill level 9 in Fighting
  8813 | D:8      | Reached XP level 10. HP: 61/78 MP: 0/0
  8866 | D:8      | Found Adezaj's Antique Weapon Boutique.
  8953 | D:8      | Found a staircase to the Lair.
  8983 | Lair:1   | Entered Level 1 of the Lair of Beasts
  9005 | D:8      | Reached skill level 10 in Fighting
  9194 | D:8      | Found a burning altar of Makhleb.
  9210 | D:8      | Became a worshipper of Makhleb the Destroyer
  9687 | Lair:1   | Noticed a cane toad
  9693 | Lair:1   | Killed a cane toad
  9694 | Lair:1   | Reached skill level 1 in Armour
  9718 | Lair:1   | Noticed a cane toad
  9722 | Lair:1   | Noticed a cane toad
  9727 | Lair:1   | Noticed a black mamba
  9728 | Lair:1   | Killed a cane toad
  9732 | Lair:1   | Killed a cane toad
  9734 | Lair:1   | Killed a black mamba
  9803 | Lair:1   | Noticed a cane toad
  9808 | Lair:1   | Noticed a komodo dragon
  9811 | Lair:1   | Killed a cane toad
  9812 | Lair:1   | Reached XP level 11. HP: 56/86 MP: 0/0
  9812 | Lair:1   | Learned a level 4 spell: Flame Wave
  9815 | Lair:1   | Noticed a seven-headed hydra
  9913 | Lair:1   | Killed a seven-headed hydra
 10077 | Lair:1   | Reached skill level 11 in Fighting
 10128 | Lair:1   | Reached skill level 5 in Dodging
 10609 | Lair:2   | Noticed a death yak
 10610 | Lair:2   | Noticed a death yak
 10813 | Lair:2   | Noticed a death yak
 10814 | Lair:2   | Noticed a death yak
 10851 | Lair:2   | Reached * piety under Makhleb
 10990 | Lair:2   | Reached skill level 5 in Armour
 11179 | Lair:2   | Killed a death yak
 11180 | Lair:2   | Reached XP level 12. HP: 33/94 MP: 0/0
 11181 | Lair:2   | Killed a death yak
 11189 | Lair:2   | Killed a death yak
 11190 | Lair:2   | Killed a death yak
 11607 | Lair:3   | Reached skill level 12 in Fighting
 11608 | Lair:3   | Reached skill level 10 in Spellcasting
 12010 | Lair:3   | Reached ** piety under Makhleb
 12111 | Lair:3   | Found a staircase to the Swamp.
 12123 | Lair:3   | Noticed Gastronok
 12146 | Lair:3   | Killed Gastronok
 12879 | Lair:4   | Found a hole to the Spider Nest.
 12956 | Lair:4   | Reached skill level 1 in Shields
 13091 | Lair:4   | Reached XP level 13. HP: 93/102 MP: 0/0
 13091 | Lair:4   | Learned a level 5 spell: Yara's Violent Unravelling
 13143 | Lair:4   | Identified 2 scrolls of acquirement
 13157 | Lair:4   | Noticed a five-headed hydra
 13603 | Lair:4   | Reached skill level 13 in Fighting
 13920 | Lair:4   | Killed a five-headed hydra
 14181 | Lair:5   | Acquired the amulet "Guczikeole" {Reflect Dex+3 SH+5}
 14190 | Lair:5   | Acquired 1074 gold pieces
 14792 | Lair:6   | Entered Level 6 of the Lair of Beasts
 14897 | Lair:6   | Reached skill level 14 in Fighting
 14904 | Lair:6   | Reached *** piety under Makhleb
 15135 | Lair:6   | Noticed a catoblepas
 15169 | Lair:6   | Reached XP level 14. HP: 105/112 MP: 0/0
 15821 | D:9      | Found a staircase to the Orcish Mines.
 15866 | D:9      | Reached **** piety under Makhleb
 16261 | D:9      | Found a white marble altar of Elyvilon.
 16308 | D:10     | Entered Level 10 of the Dungeon
 16334 | D:10     | Identified the +7 long sword of the Flying Ass {speed,
                  | *Slow Str+4 Int+4}
 16762 | D:10     | Found a glowing silver altar of Zin.
 17274 | Orc:1    | Entered Level 1 of the Orcish Mines
 17426 | Orc:1    | Noticed Josephine
 17431 | Orc:1    | Reached skill level 15 in Fighting
 17448 | Orc:1    | Killed Josephine
 17460 | Orc:1    | Found a dark tunnel.
 17466 | Volcano  | Entered a volcano
 17575 | Volcano  | Reached ***** piety under Makhleb
 17738 | Volcano  | Noticed a stone giant
 17746 | Volcano  | Killed a stone giant
 17749 | Volcano  | Found a burning altar of Makhleb.
 18056 | Orc:2    | Entered Level 2 of the Orcish Mines
 18448 | Orc:2    | Found Sukuggyl's Magic Scroll Boutique.
 18448 | Orc:2    | Found Abumivei's Book Emporium.
 18448 | Orc:2    | Found Baipud's Distillery.
 18451 | Orc:2    | Reached ****** piety under Makhleb
 18467 | Orc:2    | Found Wathigag's General Store.
 18535 | Orc:2    | Bought a scroll of teleportation for 45 gold pieces
 18537 | Orc:2    | Bought a scroll of fear for 59 gold pieces
 18604 | Orc:2    | Found a staircase to the Elven Halls.
 18826 | Orc:1    | Reached skill level 16 in Fighting
 18827 | Orc:1    | Reached XP level 15. HP: 43/121 MP: 0/0
 18827 | Orc:1    | Learned a level 6 spell: Simulacrum
 19437 | Lair:6   | Found a staircase to the Slime Pits.
 20306 | D:11     | Found Pion's Armour Shoppe.
 20395 | D:11     | Found a gate leading to a gauntlet.
 20403 | Gauntlet | Entered a Gauntlet
 20403 | Gauntlet | Found a transporter.
 20403 | Gauntlet | Found a transporter.
 20411 | Gauntlet | Found a transporter.
 20412 | Gauntlet | Found a transporter.
 20415 | Gauntlet | Found a transporter.
 20415 | Gauntlet | Found a transporter.
 20451 | Gauntlet | Found a transporter.
 20456 | Gauntlet | Found a transporter.
 20468 | Gauntlet | Found a transporter.
 20479 | Gauntlet | Found a runed translucent gate.
 20480 | Gauntlet | Found a transporter.
 20480 | Gauntlet | Found a runed translucent gate.
 20481 | Gauntlet | Found a runed translucent gate.
 20495 | Gauntlet | Found a transporter.
 20499 | Gauntlet | Found a transporter.
 20541 | Gauntlet | Noticed a broodmother
 20541 | Gauntlet | an anaconda changed into a broodmother
 20557 | Gauntlet | a broodmother changed into an ice dragon
 20662 | Gauntlet | Reached skill level 17 in Fighting
 20680 | Gauntlet | Identified the +2 cloak of Igom Lugh {rF+ rC+ Slay-2}
 20709 | Gauntlet | Identified the +10 great sword of Dissent {vorpal, rPois}
 20757 | Gauntlet | Identified the +2 double sword of Grandeur {holy, rC+}
 20809 | D:11     | Found Larae's Jewellery Shop.
 20878 | D:11     | Bought the ring of the Tortoise {AC+8} for 1664 gold pieces
 20878 | D:11     | Found the ring of the Tortoise {AC+8}
 20946 | D:11     | Found a portal to a secret trove of treasure.
 20983 | D:11     | Found Goreixag's Distillery.
 21077 | D:11     | Found Miunkosu's Book Shoppe.
 21152 | D:11     | Found Derhypt's General Store.
 21457 | D:12     | Found Bamp's Book Boutique.
 21457 | D:12     | Identified the +7 short sword of Purpose {speed, Str-5
                  | Int+5}
 21487 | D:12     | Found Larif's Assorted Antiques.
 21490 | D:12     | Found Wuirocyt's Weapon Shoppe.
 21630 | D:12     | Identified the +0 pair of boots "Itowob" {rC++ Int+2}
 22315 | D:13     | Gained mutation: You do not regenerate when monsters are
                  | visible. [you]
 22712 | D:13     | Identified the +4 flail of Coico {pain, rC+}
 22895 | D:13     | Reached XP level 16. HP: 129/130 MP: 0/0
 23081 | D:14     | Identified the +2 robe of Daisies {Will++ rCorr}
 23141 | D:14     | Found a gate to the Vaults.
 23222 | D:14     | Noticed Snorg
 23236 | D:14     | Killed Snorg
 23380 | D:14     | Gained mutation: You are clumsy. (Dex -2) [you]
 23705 | D:14     | Reached skill level 18 in Fighting
 23836 | D:15     | Entered Level 15 of the Dungeon
 24515 | D:15     | Found a staircase to the Depths.
 24690 | D:15     | Reached skill level 15 in Spellcasting
 25205 | Swamp:1  | Entered Level 1 of the Swamp
 25214 | Swamp:1  | Gained mutation: Armour fits poorly on your strangely
                  | shaped body. [you]
 25733 | Swamp:1  | Noticed Kirke
 25748 | Swamp:1  | Killed Kirke
 26084 | Swamp:1  | Found a runed translucent gate.
 26085 | Swamp:1  | Found a runed translucent gate.
 26086 | Swamp:1  | Found a runed translucent gate.
 26180 | Swamp:1  | Noticed Olga's ghost (adept HOFi)
 26233 | Swamp:1  | Killed Olga's ghost
 26404 | Swamp:1  | Reached XP level 17. HP: 129/139 MP: 0/0
 26404 | Swamp:1  | Learned a level 7 spell: Orb of Destruction
 26454 | Swamp:1  | Reached skill level 19 in Fighting
 27905 | Swamp:2  | Found a runed translucent gate.
 27905 | Swamp:2  | Found a runed translucent gate.
 27907 | Swamp:2  | Identified the +4 kite shield of Zigrysui {-Cast +Inv rC+}
 27922 | Swamp:2  | Found a runed translucent gate.
 27930 | Swamp:2  | Noticed Olga's ghost (adept SpBe)
 27975 | Swamp:2  | Noticed Louise
 27997 | Swamp:2  | Killed Louise
 28180 | Swamp:2  | Killed Olga's ghost
 28209 | Swamp:3  | Noticed Mlioglotl
 28242 | Swamp:3  | Noticed a tentacled starspawn
 28269 | Swamp:3  | Killed Mlioglotl
 28453 | Swamp:3  | Noticed Jorgrun
 28520 | Swamp:3  | Noticed Bai Suzhen
 28526 | Swamp:3  | Killed Jorgrun
 28697 | Swamp:3  | Killed Bai Suzhen
 29315 | Swamp:3  | Reached skill level 20 in Fighting
 29796 | Swamp:3  | Found a runed translucent door.
 29797 | Swamp:3  | Noticed ouz's ghost (adept VSGl)
 29816 | Swamp:3  | Killed ouz's ghost
 30047 | Swamp:3  | Noticed Nikola
 30151 | Swamp:3  | Killed Nikola
 30347 | Swamp:4  | Entered Level 4 of the Swamp
 30851 | Swamp:4  | Reached XP level 18. HP: 149/149 MP: 0/0
 30904 | Swamp:4  | Noticed a tentacled monstrosity
 30909 | Swamp:4  | Killed a tentacled monstrosity
 32695 | Swamp:4  | Got a decaying rune of Zot
 32946 | Vaults:1 | Entered Level 1 of the Vaults
 32973 | Vaults:1 | Reached skill level 5 in Shields
 33925 | Vaults:1 | Found Kimodd's Weapon Boutique.
 33925 | Vaults:1 | Noticed a lich
 33956 | Vaults:1 | Killed a lich
 34671 | Vaults:1 | Reached skill level 10 in Dodging
 35410 | Vaults:1 | Reached XP level 19. HP: 136/157 MP: 0/0
 35410 | Vaults:1 | Learned a level 7 spell: Spellforged Servitor
 35465 | Vaults:1 | You are sucked into a shaft and drop 1 floor!
 35675 | Vaults:2 | Noticed Frederick
 35679 | Vaults:2 | Killed Frederick
 35680 | Vaults:2 | Reached skill level 21 in Fighting
 36360 | Vaults:2 | Noticed Jory
 36560 | Vaults:2 | Killed Jory
 36869 | Vaults:2 | Lost mutation: Armour fits poorly on your strangely shaped
                  | body. [potion of mutation]
 36869 | Vaults:2 | Lost mutation: You do not regenerate when monsters are
                  | visible. [potion of mutation]
 36869 | Vaults:2 | Gained mutation: Your flesh is almost immune to the effects
                  | of heat. (rF+++) [potion of mutation]
 36869 | Vaults:2 | Gained mutation: You are dopey. (Int -2) [potion of
                  | mutation]
 37567 | Vaults:2 | Found a transporter.
 37597 | Vaults:2 | Found a transporter.
 38842 | Vaults:1 | Identified the ring "Onoaczil" {Will+ rCorr}
 39415 | Elf:1    | Entered Level 1 of the Elven Halls
 39581 | Elf:1    | Reached XP level 20. HP: 122/166 MP: 0/0
 39931 | Elf:1    | Found a runed translucent gate.
 39931 | Elf:1    | Found a runed translucent gate.
 39931 | Elf:1    | Found a runed translucent gate.
 39933 | Elf:1    | Noticed Duil's ghost (adept DsCj)
 40672 | Elf:1    | Found Fulawerom's Assorted Antiques.
 40681 | Elf:1    | Bought a long glowing staff for 240 gold pieces
 41343 | Elf:2    | Paralysed by an air elemental for 1 turns
 41638 | Elf:2    | Noticed Zenata
 41646 | Elf:2    | Killed Zenata
 41816 | Elf:2    | Identified the +6 mace of War {vorpal, Int+2}
 41906 | Elf:2    | Found a runed translucent gate.
 41906 | Elf:2    | Found a runed translucent gate.
 41906 | Elf:2    | Found a runed translucent gate.
 42829 | Elf:2    | Cast into level 3 of the Abyss (+4 trident of distortion)
 42875 | Abyss:3  | Found a transporter.
 42934 | Abyss:3  | Noticed a tentacled monstrosity
 42944 | Abyss:3  | Killed a tentacled monstrosity
 42985 | Abyss:3  | Gained mutation: Your spells are a little easier to cast,
                  | but a little less powerful. [a neqoxec]
 42995 | Abyss:3  | Lost mutation: You are clumsy. (Dex -2) [a neqoxec]
 43007 | Abyss:3  | Gained mutation: Your body sometimes deteriorates upon
                  | taking damage. [a neqoxec]
 43009 | Abyss:3  | Gained mutation: You are occasionally teleported next to
                  | monsters. [a neqoxec]
 43015 | Abyss:3  | Gained mutation: Your spells are easier to cast, but less
                  | powerful. [a neqoxec]
 43268 | Abyss:4  | Gained mutation: You are partially covered in iridescent
                  | scales. (AC +2) [a neqoxec]
 43406 | Elf:2    | Escaped the Abyss
 43792 | Elf:2    | Reached skill level 10 in Shields
 43806 | Elf:2    | Lost mutation: You are partially covered in iridescent
                  | scales. (AC +2) [potion of mutation]
 43806 | Elf:2    | Lost mutation: You are dopey. (Int -2) [potion of mutation]
 43806 | Elf:2    | Gained mutation: You are clumsy. (Dex -2) [potion of
                  | mutation]
 43806 | Elf:2    | Gained mutation: You are robust. (+10% HP) [potion of
                  | mutation]
 43806 | Elf:2    | Lost mutation: Your spells are easier to cast, but less
                  | powerful. [potion of mutation]
 43806 | Elf:2    | Gained mutation: Your muscles are strong. (Str +2) [potion
                  | of mutation]
 43835 | Elf:2    | Found Nuykagog's General Store.
 44200 | Elf:2    | Cast into level 2 of the Abyss (+0 bardiche of distortion)
 44266 | Abyss:2  | Paralysed by accursed screaming for 1 turns
 44277 | Abyss:2  | Paralysed by accursed screaming for 2 turns
 44279 | Abyss:2  | HP: 8/183 [starcursed mass/accursed screaming (6)]
 44281 | Abyss:2  | Killed from afar by a starcursed mass

Illustrated notes

Levels and vault maps discovered:
D:1:      co_arrival_square_in_a_square_in_a_square, layout_basic
D:2:      layout_basic, shapermc_ecumenical_altar_mp_highgroup, serial_shops,
          nicolae_shop_statue_plus, nicolae_shop_bloodbath_and_beyond, shop,
          nicolae_lakefront_shop, nicolae_lakefront_shop, basic_altar,
          uniq_robin
D:3:      layout_rooms, lemuel_doored_altar
D:4:      layout_cave_pods, kennysheep_decorative_pillar
D:5:      layout_cave_pools, minmay_temple_entry_grid, serial_shops, shop,
          uniq_prince_ribbit1
D:6:      layout_basic, nicolae_overflow_hidden_temple, okawaru_metal_pillars_3,
          general_overflow_altar
D:7:      layout_cave_pools, kennysheep_little_box, uniq_menkaure
D:8:      layout_loops_cross, kennysheep_mini, lair_entry_dummy, serial_shops,
          shop, minmay_fire_ice_demons
D:9:      layout_loops_corners, nicolae_elyvilon_temple_path, orc_david_3
D:10:     layout_basic, zin_academy, hangedman_glass_teeth
D:11:     layout_basic, serial_shops, nicolae_inconvenience_store,
          shop_fountains, nicolae_shop_hallway_plus, nicolae_shop_crystal, shop,
          nicolae_trove_entry_crossroad, gauntlet_entry_generic
D:12:     layout_long_grid, serial_shops, nicolae_shop_hallway_stairs, shop,
          shop_statue, minmay_crystal_water, hangedman_decor_points,
          hangedman_abyss_or_decor_clamps
D:13:     layout_roguey
D:14:     layout_roguey, david_vaults_2, minmay_between, uniq_snorg
D:15:     gammafunk_depths_entry_grave, layout_irregular_city,
          serial_bayou_pond_a
Temple:   zaba_magenta_temple
Lair:1:   layout_loops_ring, chequers_serial_rivers_small_b,
          serial_bayou_pond_a, minivault_24, lemuel_fruit_fields,
          infiniplex_staircase_pool_2
Lair:2:   layout_chaotic_city
Lair:3:   layout_layer_cave, swamp_mist_pool, grunt_forest_large_clearing_hut,
          grunt_megastairs_3, uniq_gastronok
Lair:4:   layout_cave_pods, spider_nest_entry_web_field, beast_lair_carwin_6,
          serial_bayou_shore_a, lemuel_fruit_tree
Lair:5:   layout_regular_city, eino_small_chamber_without_monster,
          lemuel_fruit_fields
Lair:6:   due_jungle_book, layout_long_grid, nicolae_slime_entry_slimehenge
Swamp:1:  layout_basic_swamp, ebering_ghost_rock_garden,
          evilmike_swamp_ruin_rubble_1, hangedman_swamp_wriggling, uniq_kirke
Swamp:2:  layout_basic_swamp, gammafunk_ghost_necromancy,
          evilmike_swamp_ruin_house_4, swamp_pool3, uniq_louise
Swamp:3:  layout_basic_swamp, gammafunk_ghost_grave, nicolae_swamp_triple_paths,
          uniq_bai_suzhen, uniq_nikola, uniq_mlioglotl, uniq_jorgrun
Swamp:4:  swamp_icy, layout_basic_swamp, nicolae_swamp_very_dense_foliage
Orc:1:    layout_caves, enter_volcano_1, hellmonk_bongcloud_opening,
          uniq_josephine
Orc:2:    st_orc_rangers, layout_caves
Elf:1:    eino_elf_arrival_altar, layout_loops_cross,
          gammafunk_ghost_tricky_traps, serial_shops, nicolae_shop_trees,
          hangedman_elf_represent, minivault_8
Elf:2:    elven_hall_of_blades_hangedman_original [mumra_blade_entry_bloodbath],
          layout_geoelf_octagon, serial_shops, nicolae_shop_advertising_works
          [nicolae_subvault_shop_adworks], st_stairs_6, uniq_zenata
Vaults:1: ontoclasm_vaults_shuriken, v_rooms_5, vaults_room_guarded_vault,
          vaults_dpeg_cross, dpeg_vaults_monster_box,
          vaults_room_stairs_pillars, vaults_dpeg_diagonal,
          vaults_room_grunt_arrival_checkpoint, ontoclasm_vaults_gateway,
          serial_ice_b, vaults_room_pool, layout_vaults_big_room
Vaults:2: hangedman_vaults_restitches, v_misc_8, hangedman_vaults_stream,
          gammafunk_sealed_arena, nicolae_vaults_rhombus_6, vaults_room_fours,
          nicolae_vaults_little_squares_1, vaults_dpeg_hooks,
          nicolae_vaults_gold_heap, grunt_vaults_hallway_short,
          vaults_dpeg_ring, layout_vaults_omnigrid, uniq_jory, uniq_frederick
Abyss:2:  base: Vaults:2, serial_sigils_hangedman_quiver

Skill      XL: |  1  2  3  4  5  6  7  8  9 10 11 12 13 14 15 16 17 18 19 20 |
---------------+-------------------------------------------------------------+-----
Fighting       | 1 2 3 4 5 7 9 10 11 12 14 16 17 18 20 21 | 21.9
Spellcasting   | 4 5 6 7 9 10 11 13 14 15 16 17 | 17.7
Armour         | 2 5 7 |  7.0
Dodging        | 3 6 8 10 11 13 | 13.0
Shields        | 1 4 6 9 10 | 10.2
Stealth        | |  1.5

Action                   |  1- 3 |  4- 6 |  7- 9 | 10-12 | 13-15 | 16-18 | 19-21 || total
-------------------------+-------+-------+-------+-------+-------+-------+-------++-------
Melee: Whip              |    13 |     1 |       |    13 |       |       |       ||    27
       Punch             |     1 |       |       |       |       |       |       ||     1
       Staff             |       |       |       |       |     9 |    16 |     4 ||    29
 Cast: Magic Dart        |    58 |   151 |   142 |   226 |   634 |   235 |     9 ||  1455
       Searing Ray       |     2 |     5 |     8 |     4 |     2 |     3 |       ||    24
       Iskenderun's Myst |       |       |    30 |   125 |   398 |   340 |   235 ||  1128
       Hailstorm         |       |       |     3 |       |    20 |     1 |       ||    24
       Fulminant Prism   |       |       |     1 |       |    12 |       |       ||    13
       Flame Wave        |       |       |       |    15 |    44 |    72 |       ||   131
       Foxfire           |       |       |       |       |     5 |       |       ||     5
       Yara's Violent Un |       |       |       |       |     4 |     2 |       ||     6
       Poisonous Vapours |       |       |       |       |     6 |    33 |       ||    39
       Dazzling Flash    |       |       |       |       |     4 |     9 |       ||    13
       Simulacrum        |       |       |       |       |     1 |       |       ||     1
       Orb of Destructio |       |       |       |       |       |    81 |   195 ||   276
       Spellforged Servi |       |       |       |       |       |       |    21 ||    21
  Use: Scroll            |       |       |       |       |    16 |     1 |    23 ||    40
       Potion            |       |       |       |       |     1 |       |    34 ||    35
Armor: Robe              |     6 |     6 |     6 |       |       |    86 |    45 ||   149
       Troll leather arm |       |       |     4 |    42 |   106 |    36 |       ||   188
Dodge: Dodged            |    12 |    18 |    32 |    97 |   308 |   238 |   160 ||   865
Block: Buckler           |       |       |       |     1 |   205 |   171 |    92 ||   469
       Reflection        |       |       |       |       |    41 |    18 |    26 ||    85

Table legend: (Time is in decaauts)
 A = Elapsed time spent in this place.
 B = Non-inter-level travel time spent in this place.
 C = Inter-level travel time spent in this place.
 D = Time resting spent in this place.
 E = Time spent auto-exploring this place.
 F = Levels seen in this place.
 G = Mean time per level.
                   A        B        C        D        E       F      G
               +--------+--------+--------+--------+--------+-----+--------+
         Total |  44290 |  41656 |   2634 |   2448 |  31551 |  37 | 1197.0 |
       Dungeon |  16104 |  14765 |   1339 |    482 |  12156 |  15 | 1073.6 |
        Temple |    420 |    402 |     18 |    333 |     56 |   1 |  420.0 |
          Lair |   7154 |   6452 |    702 |    337 |   4666 |   6 | 1192.3 |
         Swamp |   7258 |   6976 |    282 |    662 |   5331 |   4 | 1814.5 |
  Orcish Mines |   1602 |   1449 |    153 |    248 |    726 |   2 |  801.0 |
   Elven Halls |   4210 |   4175 |     35 |    386 |   3168 |   2 | 2105.0 |
        Vaults |   6292 |   6189 |    103 |      0 |   5227 |   2 | 3146.0 |
         Abyss |    571 |    571 |      0 |      0 |      0 |   3 |  190.3 |
       Volcano |    319 |    319 |      0 |      0 |    185 |   1 |  319.0 |
      Gauntlet |    356 |    356 |      0 |      0 |     36 |   1 |  356.0 |
               +--------+--------+--------+--------+--------+-----+--------+

Top non-repeatable levels by time:
Vaults:2: 3168 daAuts
Vaults:1: 3123 daAuts
 Swamp:4: 2355 daAuts
   Elf:1: 2109 daAuts
   Elf:2: 2101 daAuts
 Swamp:2: 2065 daAuts
     D:1: 1959 daAuts
  Lair:3: 1766 daAuts
 Swamp:3: 1524 daAuts
     D:4: 1421 daAuts
 Swamp:1: 1312 daAuts
     D:6: 1255 daAuts
  Lair:6: 1193 daAuts
  Lair:4: 1191 daAuts
    D:15: 1187 daAuts
